 Dungeon Crawl Stone Soup version 0.26-a0-1038-gfb849e850a (webtiles) character file.

Game seed: 4714220208863259904

829 Delamore the Cudgeller (level 7, -3/44 HPs)
             Began as a Gargoyle Fighter on Dec 11, 2020.
             Killed by divine providence
             ... invoked by an orc priest
              (17 damage)
             ... on level 4 of the Dungeon.
             The game lasted 00:04:32 (3600 turns).

Delamore the Cudgeller (Gargoyle Fighter)           Turns: 3600, Time: 00:04:32

Health: -3/44      AC: 16    Str: 22    XL:     7   Next: 97%
Magic:  7/7        EV:  5    Int:  8    God:
Gold:   173        SH: 10    Dex:  9    Spells: 6/6 levels left

rFire    . . .     SeeInvis .   a - +0 flail
rCold    . . .     Faith    .   c - +0 kite shield
rNeg     + . .     Spirit   .   e - +0 chain mail
rPois    ∞         Reflect  .   r - +0 helmet
rElec    +         Harm     .   (no cloak)
rCorr    .         Rampage  .   q - +0 pair of gloves
Will     .....                  (no boots)
Stlth    ..........             p - amulet of regeneration
HPRegen  0.54/turn              y - ring of poison resistance
MPRegen  0.10/turn              (no ring)

@: no status effects
A: negative energy resistance 1, electricity resistance, unbreathing,
petrification resistance, rot immunity, AC +4
a: no special abilities


You were on level 4 of the Dungeon.
You visited 2 branches of the dungeon, and saw 5 of its levels.
You also visited: Sewer.

You collected 173 gold pieces.

Inventory:

Hand Weapons
 a - a +0 flail (weapon)
Armour
 b - a +0 scale mail
 c - a +0 kite shield (worn)
 e - a +0 chain mail (worn)
 q - a +0 pair of gloves (worn)
 r - a +0 helmet (worn)
Jewellery
 g - an uncursed amulet of guardian spirit
 m - a +6 ring of intelligence
 p - an amulet of regeneration (around neck)
 y - a ring of poison resistance (left hand)
Wands
 v - a wand of paralysis (6)
Scrolls
 h - 5 scrolls of remove curse {unknown}
 i - 2 scrolls of fog {unknown}
 j - 3 scrolls of identify {unknown}
 o - a scroll of magic mapping {unknown}
 s - 3 scrolls of fear {unknown}
 x - a scroll of enchant weapon {unknown}
Potions
 d - a potion of might
 f - 4 potions of mutation {unknown}
 k - a potion of degeneration {unknown}
 l - a potion of curing {unknown}
 n - a potion of flight {unknown}
 t - a potion of heal wounds {unknown}
 u - 2 potions of invisibility {unknown}
 w - 2 potions of resistance {unknown}


   Skills:
 - Level 5.0 Fighting
 + Level 7.4 Maces & Flails
 - Level 3.2 Armour
 - Level 5.0 Shields


You had 6 spell levels left.
You didn't know any spells.
Your spell library was empty.

Dungeon Overview and Level Annotations

Branches:
Dungeon (4/15)             Temple (1/1) D:4           Sewer (visited)

Altars:
Cheibriados
Dithmenos
Elyvilon
Fedhas
Gozag
Hepliaklqana
Qazlal
Trog
Uskayaw
Wu Jian
Zin
Beogh


Innate Abilities, Weirdness & Mutations

You are resistant to torment.
Your stone body is resilient. (AC +4)
You are immune to poison.
You resist negative energy. (rN+)
You are resistant to electric shocks. (rElec)
You can survive without breathing.
You are immune to petrification.
You are immune to rotting.


Message History

You are too injured to fight recklessly!
You are too injured to fight recklessly!
You are too injured to fight recklessly!
You hit the orc warrior.
The orc warrior is moderately wounded.
You hit the orc warrior.
The orc warrior is moderately wounded.
You block the orc warrior's attack.
You closely miss the orc warrior.
The orc warrior is moderately wounded.
The orc warrior hits you with a +4 long sword.
You barely miss the orc warrior.
The orc warrior is moderately wounded.
The orc warrior hits you with a +4 long sword!
* * * LOW HITPOINT WARNING * * *
Okay, then.
The orc priest shouts!
The orc priest mumbles some strange prayers to Beogh against you.
Beogh smites you!
You die...

###
##########.###########
#....oo....#..>.......
#o########.#.#########
#o#.o.#oo..#.#
#.#.#@#.####.#
#.#.#o#.###..#####
#.oo8.............8
###.######'''######
#.#...o...o.....#
..#....#####....# ###
####.###..o..###.#
#... #.#8#..8o.#8#o#
#.#.. #...........o
###


You could see an orc warrior, an orc priest and an orc.

Vanquished Creatures
  The ghost of hemabe71 the Charlatan, an amateur HuAr of Okawaru (D:4)
  Purgy (Sewer)
  A phantom (D:4)
  A gnoll sergeant (D:4)
  4 gnoll shamans (D:4)
  2 worker ants
  A hound skeleton (D:4)
  15 gnolls (D:4)
  3 adders
  An ooze (D:3)
  3 worms
  A dart slug (D:2)
  A leopard gecko (D:4)
  4 orcs
  7 giant cockroaches
  6 goblins
  10 hobgoblins
  24 jackals
  A quokka (D:3)
  A ball python (D:3)
  6 bats
  6 frilled lizards
  7 kobolds
  9 rats
116 creatures vanquished.

Notes
Turn   | Place    | Note
-------+----------+-------------------------------------------
     0 | D:1      | Delamore the Gargoyle Fighter began the quest for the Orb.
     0 | D:1      | Reached XP level 1. HP: 14/14 MP: 1/1
    33 | D:1      | Reached XP level 2. HP: 11/19 MP: 2/2
   465 | D:1      | Reached XP level 3. HP: 22/24 MP: 3/3
  1298 | D:2      | Reached skill level 3 in Maces & Flails
  1298 | D:2      | Reached XP level 4. HP: 27/29 MP: 4/4
  1705 | D:3      | Found a snail-covered altar of Cheibriados.
  1955 | D:3      | Found a glowing drain.
  1997 | Sewer    | Entered a sewer
  2034 | Sewer    | Reached XP level 5. HP: 34/34 MP: 5/5
  2120 | Sewer    | Noticed Purgy
  2156 | Sewer    | Killed Purgy
  2278 | D:3      | Found a stormy altar of Qazlal.
  2312 | D:3      | Reached XP level 6. HP: 40/40 MP: 6/6
  2632 | D:4      | Found a staircase to the Ecumenical Temple.
  2639 | Temple   | Entered the Ecumenical Temple
  2860 | D:4      | Noticed a phantom
  2875 | D:4      | Reached skill level 5 in Fighting
  2875 | D:4      | Reached skill level 5 in Shields
  2885 | D:4      | Killed a phantom
  2886 | D:4      | Reached skill level 4 in Maces & Flails
  3057 | D:4      | Reached skill level 5 in Maces & Flails
  3226 | D:4      | Reached XP level 7. HP: 40/44 MP: 7/7
  3252 | D:4      | Reached skill level 6 in Maces & Flails
  3516 | D:4      | Found a runed translucent gate.
  3516 | D:4      | Found a runed translucent gate.
  3516 | D:4      | Found a runed translucent gate.
  3517 | D:4      | Identified the +2 leather armour of the Mind {rPois MP+9}
  3519 | D:4      | Noticed hemabe71's ghost (amateur HuAr)
  3520 | D:4      | Identified the +7 chain mail of Fun {+Inv Dex+4}
  3521 | D:4      | Found a roughly hewn altar of Beogh.
  3572 | D:4      | Killed hemabe71's ghost
  3573 | D:4      | Reached skill level 7 in Maces & Flails
  3600 | D:4      | Killed from afar by an orc priest

Illustrated notes

Levels and vault maps discovered:
D:1:      grunt_arrival_lava_bath, layout_basic, minmay_door_square
D:2:      layout_loops_corners, minmay_misc_feat_ornament, kennysheep_cross_room
D:3:      layout_basic, nicolae_overflow_hidden_temple, cheibriados_altar_1,
          cheibrodos_sewer_entry_sluice, dk_noncrumbling_4
D:4:      lemuel_castle_with_subvaults [lemuel_castle_interior_original],
          layout_basic, minmay_temple_entry_drinking_statues, serial_shops,
          shop, biasface_ghost_orc_armoury, uniq_edmund
Temple:   jpeg_temple_island

Skill      XL: |  1  2  3  4  5  6  7 |
---------------+----------------------+-----
Fighting       | 4 5 |  5.0
Shields        | 4 5 |  5.0
Maces & Flails | 3 5 7 |  7.4
Armour         | |  3.2

Action                   |  1- 3 |  4- 6 |  7- 9 || total
-------------------------+-------+-------+-------++-------
Melee: Flail             |   126 |   284 |   142 ||   552
Armor: Scale mail        |     8 |       |       ||     8
       Chain mail        |    58 |   262 |   102 ||   422
Dodge: Dodged            |    29 |    96 |    26 ||   151
Block: Kite shield       |    66 |   201 |    95 ||   362

Table legend: (Time is in decaauts)
 A = Elapsed time spent in this place.
 B = Non-inter-level travel time spent in this place.
 C = Inter-level travel time spent in this place.
 D = Time resting spent in this place.
 E = Time spent auto-exploring this place.
 F = Levels seen in this place.
 G = Mean time per level.
                   A        B        C        D        E       F      G
               +--------+--------+--------+--------+--------+-----+--------+
         Total |   3800 |   3692 |    108 |      0 |   2599 |   6 |  633.3 |
       Dungeon |   3293 |   3190 |    103 |      0 |   2207 |   4 |  823.2 |
        Temple |    266 |    261 |      5 |      0 |    259 |   1 |  266.0 |
         Sewer |    240 |    240 |      0 |      0 |    132 |   1 |  240.0 |
               +--------+--------+--------+--------+--------+-----+--------+

Top non-repeatable levels by time:
     D:2: 955 daAuts
     D:4: 836 daAuts
     D:1: 798 daAuts
     D:3: 703 daAuts
  Temple: 266 daAuts
   Sewer: 240 daAuts
